 Dungeon Crawl Stone Soup version 0.22-a0-571-g4a923d4 (webtiles) character file.

23105 tsouns the Cleaver (level 12, -2/99 HPs)
             Began as a Mummy Fighter on July 1, 2018.
             Was an Initiate of Gozag.
             Slain by a salamander
             ... wielding a +3 spear of venom
              (13 damage)
             ... in a volcano.
             The game lasted 00:42:38 (12152 turns).

tsouns the Cleaver (Mummy Fighter)                 Turns: 12152, Time: 00:42:39

Health: -2/99      AC: 23    Str: 23    XL:     12   Next: 68%
Magic:  12/12      EV: 10    Int:  8    God:    Gozag
Gold:   797        SH: 11    Dex:  9    Spells: 9/11 levels left

rFire    . . .     SeeInvis +   o - +1 broad axe (vamp)
rCold    + . .     Gourm    .   c - +0 shield
rNeg     + + +     Faith    .   v - +1 scale mail {MR+}
rPois    ∞         Spirit   .   m - +1 helmet of Apathy {rF+ Dex-3 Stlth+}
rElec    .         Reflect  .   a - +2 cloak
rCorr    .         Harm     .   i - +2 pair of gloves
MR       ++...                  p - +2 pair of boots
Stlth    +.........             (no amulet)
HPRegen  0.26/turn              j - +3 ring of protection
MPRegen  0.13/turn              n - ring of see invisible

@: gold aura
A: no food or potions, fire vulnerability, cold resistance 1, negative energy
resistance 3, torment resistance, unbreathing
a: Potion Petition, Call Merchant, Bribe Branch, Renounce Religion


You were in a volcano.
You worshipped Gozag.
Gozag was pleased with you.
You were not hungry.

You visited 3 branches of the dungeon, and saw 12 of its levels.
You also visited: Ice Cave and Volcano.

You collected 2553 gold pieces.
You paid 1756 gold pieces to Gozag.

Inventory:

Hand Weapons
 k - the +7 rapier of Paulitz {pierce, rF- Str+4}
   (You found it on level 1 of the Lair of Beasts)

   It inflicts extra damage upon your enemies.
   It affects your strength (+4).
   It makes you vulnerable to fire.
 l - a +4 vampiric hand axe
 o - a +1 vampiric broad axe (weapon)
 y - a +3 broad axe of flaming
 B - a +1 longbow of freezing
 D - a +4 arbalest of freezing
Missiles
 d - 24 tomahawks
 e - 2 javelins (quivered)
 g - 182 stones
 u - a throwing net
Armour
 a - a +2 cloak (worn)
 c - a +0 shield (worn)
 i - a +2 pair of gloves (worn)
 m - the +1 helmet of Apathy (worn) {rF+ Dex-3 Stlth+}
   (You found it on level 4 of the Dungeon)

   It affects your dexterity (-3).
   It protects you from fire.
   It makes you more stealthy.
 p - a +2 pair of boots (worn)
 v - a +1 scale mail of magic resistance (worn)
 C - a +1 chain mail of fire resistance
Jewellery
 j - a +3 ring of protection (left hand)
 n - a ring of see invisible (right hand)
 z - the ring "Budek" {rC- Int+3 SInv Stlth+}
   (You found it in an ice cave)

   [ring of see invisible]

   It affects your intelligence (+3).
   It makes you vulnerable to cold.
   It lets you see invisible.
   It makes you more stealthy.
 A - an uncursed ring of protection from cold
Wands
 b - a wand of iceblast (9)
 q - a wand of polymorph (5)
 s - a wand of random effects (32)
 x - a wand of scattershot (4)
Scrolls
 f - 8 scrolls of teleportation
 h - 4 scrolls of identify
 r - 3 scrolls of remove curse
 t - 2 scrolls of magic mapping
 w - 2 scrolls of blinking


   Skills:
 + Level 10.6 Fighting
 + Level 11.3 Axes
 + Level 5.8 Throwing
 - Level 6.0 Armour
 - Level 3.2 Dodging
 - Level 0.1 Stealth
 + Level 7.8 Shields


You had 9 spell levels left.
You knew the following spells:

 Your Spells              Type           Power        Failure   Level  Hunger
a - Animate Skeleton      Necr           N/A          95%         1    N/A
b - Apportation           Tloc           #.....       95%         1    N/A

Your spell library contained the following spells:

 Spells                   Type           Power        Failure   Level  Hunger
 Cause Fear               Hex            #.........   100%        4    N/A
 Slow                     Hex            #.......     98%         2    N/A
 Summon Small Mammal      Summ           #...         95%         1    N/A
 Confusing Touch          Hex            #.....       95%         1    N/A
 Corona                   Hex            #......      95%         1    N/A
 Portal Projectile        Hex/Tloc       #.....       100%        3    N/A
 Leda's Liquefaction      Hex/Erth       #.........   100%        4    N/A
 Inner Flame              Hex/Fire       #.......     100%        3    N/A

Dungeon Overview and Level Annotations

Branches:
Dungeon (8/15)             Temple (1/1) D:7            Lair (3/6) D:8
  Snake (0/4) Lair:2
  Swamp: Lair:2-4    Shoals: Lair:2-4

Altars:
Ashenzari
Cheibriados
Dithmenos
Elyvilon
Fedhas
Gozag
Hepliaklqana
Kikubaaqudgha
Makhleb
Nemelex Xobeh
Okawaru
Qazlal
Ru
Sif Muna
Trog
Uskayaw
Vehumet
Wu Jian
Xom
Yredelemnul
Zin
The Shining One

Shops:
D:7 (   Lair:1 (


Innate Abilities, Weirdness & Mutations

You do not eat or drink.
Your flesh is vulnerable to fire.
You are immune to poison.
Your flesh is cold resistant. (rC+)
You are immune to negative energy. (rN+++)
You are immune to unholy pain and torment.
You can survive without breathing.


Message History

You slash the salamander mystic!
You feel better.
You kill the salamander mystic!
The salamander hits you but does no damage.
You slash the salamander!
You feel better.
The salamander is heavily wounded.
The salamander hits you but does no damage.
You hit the salamander.
You feel better.
The salamander is heavily wounded.
The air gets thick with the scent of sulphur.
The salamander hits you but does no damage.
The salamander hits you with a spear of venom!
You are engulfed in flames!
* * * LOW HITPOINT WARNING * * *
You barely miss the salamander.
The salamander is heavily wounded.
The salamander hits you with a spear of venom!
* * * LOW HITPOINT WARNING * * *
You are engulfed in flames!
You die...
Your body crumbles into a pile of gold.

#....≈≈§≈§≈≈≈≈≈§§§...##
##...§≈≈§§≈≈≈§≈§≈≈.§.#
#....≈≈≈§≈≈≈≈§≈§....##
##....≈≈§≈≈≈≈≈§§...##
###....≈§≈≈≈≈≈....#
*##.#....§...§....##
##.###...##..##...#
≈.## *#####.**##..#
..## #** ##@## .∩.#
#N#### ...# *##..≈#*
∩..# **#$.N[≈≈# ≈..#*
#.!N.N≈≈≈# §...#
###.$)≈≈## §≈≈##
#).≈≈§# ≈§.# ##≈≈§§#
≈§## ##≈≈##


You could see a salamander.

Vanquished Creatures
  A frost giant (IceCv)
  Harold (Lair:2)
  A hydra (Lair:2)
  A death yak (IceCv)
  A hell knight (Volcano)
  A salamander mystic (Volcano)
  A lindwurm (Lair:3)
  Pikel (D:7)
  2 salamanders (Volcano)
  An ice statue (IceCv)
  2 spiny frogs
  2 rime drakes (Lair:1)
  A komodo dragon (Lair:2)
  13 polar bears (IceCv)
  4 hippogriffs
  9 blink frogs (Lair:2)
  2 basilisks
  19 yaks (IceCv)
  Menkaure (D:7)
  Edmund (D:6)
  4 nagas (Lair:2)
  4 porcupines (Lair:2)
  3 water moccasins
  2 orc warriors
  4 slaves (D:7)
  An ice beast (D:5)
  3 phantoms
  5 black bears
  A necrophage (D:8)
  A hornet zombie (D:8)
  2 sky beasts
  24 wolves
  2 ogres
  A crocodile (Lair:1)
  A big kobold (D:8)
  Blork the orc (D:6)
  A gnoll sergeant (D:8)
  7 bullfrogs
  A water moccasin zombie (D:5)
  A water moccasin skeleton (D:5)
  3 scorpions
  8 wights (D:7)
  3 howler monkeys (D:7)
  A bullfrog zombie (D:6)
  4 crimson imps
  2 hounds (D:7)
  2 jellies (D:8)
  7 orc wizards
  2 bullfrog skeletons
  8 orc priests
  Crazy Yiuf (D:6)
  2 centaur skeletons (D:6)
  2 worker ants
  2 hound skeletons
  A howler monkey zombie (D:5)
  7 adders
  8 gnolls (D:8)
  5 shadow imps
  2 oozes (D:2)
  An adder skeleton (D:7)
  2 adder zombies
  4 worms
  5 leopard geckos
  49 orcs
  4 ball pythons
  10 bats
  4 giant cockroaches
  11 hobgoblins
  11 kobolds
  6 quokkas
  5 frilled lizards
  11 goblins
  2 leopard gecko skeletons
  9 rats
  A fungus (Lair:1)
  A plant (Lair:2)
340 creatures vanquished.

Vanquished Creatures (others)
  3 fungi
3 creatures vanquished.

Grand Total: 343 creatures vanquished

Notes
Turn   | Place    | Note
-------+----------+-------------------------------------------
     0 | D:1      | tsouns the Mummy Fighter began the quest for the Orb.
     0 | D:1      | Reached XP level 1. HP: 18/18 MP: 1/1
   126 | D:1      | Reached skill level 2 in Axes
   126 | D:1      | Reached XP level 2. HP: 13/24 MP: 2/2
   775 | D:2      | Reached XP level 3. HP: 29/29 MP: 3/3
   808 | D:2      | Found a sparkling altar of Nemelex Xobeh.
  1070 | D:2      | Found a basalt altar of Yredelemnul.
  1162 | D:2      | Found a faded altar of an unknown god.
  1220 | D:2      | Reached XP level 4. HP: 35/35 MP: 4/4
  1300 | D:2      | Reached skill level 3 in Axes
  1858 | D:3      | Reached XP level 5. HP: 42/42 MP: 5/5
  2299 | D:3      | Reached XP level 6. HP: 48/48 MP: 6/6
  2303 | D:3      | Reached skill level 4 in Axes
  2798 | D:4      | Got a transparent helmet
  2809 | D:4      | Identified the +1 helmet of Apathy {rF+ Dex-3 Stlth+} (You found it on level 4 of the Dungeon)
  2912 | D:4      | Reached skill level 1 in Dodging
  3166 | D:4      | Reached XP level 7. HP: 54/54 MP: 7/7
  3378 | D:5      | Entered Level 5 of the Dungeon
  3405 | D:5      | Found an ornate altar of the Wu Jian Council.
  3615 | D:5      | Found a white marble altar of Elyvilon.
  3653 | D:5      | Reached skill level 5 in Axes
  3867 | D:5      | Found a hazy altar of Hepliaklqana.
  4281 | D:6      | Noticed Edmund
  4311 | D:6      | Killed Edmund
  4311 | D:6      | Reached XP level 8. HP: 40/61 MP: 8/8
  4326 | D:6      | Reached skill level 6 in Axes
  4462 | D:6      | Noticed Blork the orc
  4481 | D:6      | Killed Blork the orc
  4764 | D:6      | Noticed a hippogriff
  4785 | D:6      | Killed a hippogriff
  4785 | D:6      | Reached skill level 5 in Fighting
  4955 | D:6      | Found a runed door.
  4960 | D:6      | Noticed Crazy Yiuf
  4980 | D:6      | Killed Crazy Yiuf
  5085 | D:6      | Reached skill level 7 in Axes
  5406 | D:7      | Found a staircase to the Ecumenical Temple.
  5413 | Temple   | Entered the Ecumenical Temple
  5526 | Temple   | Became a worshipper of Gozag Ym Sagoz the Greedy
  5638 | D:7      | Reached XP level 9. HP: 64/68 MP: 9/9
  5932 | D:7      | Reached skill level 8 in Axes
  5993 | D:7      | Noticed Pikel
  6041 | D:7      | Killed Pikel
  6065 | D:7      | Noticed Menkaure
  6079 | D:7      | Killed Menkaure
  6149 | D:7      | Reached skill level 9 in Axes
  6362 | D:7      | Found Sionisat's Antique Weapon Shoppe.
  6749 | D:8      | Reached XP level 10. HP: 64/79 MP: 10/10
  6810 | D:8      | Found a staircase to the Lair.
  7457 | D:8      | Found a glowing silver altar of Zin.
  7593 | D:8      | Found a glowing golden altar of the Shining One.
  7713 | Lair:1   | Entered Level 1 of the Lair of Beasts
  7715 | Lair:1   | Noticed a spiny frog
  7736 | Lair:1   | Killed a spiny frog
  7789 | Lair:1   | Reached skill level 1 in Throwing
  7867 | Lair:1   | Reached skill level 5 in Shields
  7897 | Lair:1   | Got a smoking rapier
  7898 | Lair:1   | Identified the +7 rapier of Paulitz {pierce, rF- Str+4} (You found it on level 1 of the Lair of Beasts)
  7910 | Lair:1   | Found a frozen archway.
  7935 | Lair:1   | Learned a level 1 spell: Animate Skeleton
  7937 | Lair:1   | Learned a level 1 spell: Apportation
  7938 | IceCv    | Entered an ice cave
  7956 | IceCv    | Reached skill level 10 in Axes
  8049 | IceCv    | Noticed an ice statue
  8731 | IceCv    | Killed an ice statue
  8739 | IceCv    | Got a crystal spear
  8833 | IceCv    | Identified the +5 spear of Valuable Assets {pierce, *Slow +Rage rC+ Stlth+} (You found it in an ice cave)
  8883 | IceCv    | Reached XP level 11. HP: 87/87 MP: 11/11
  9350 | IceCv    | Reached skill level 5 in Armour
  9618 | IceCv    | Noticed a death yak
  9618 | IceCv    | Noticed a frost giant
  9657 | IceCv    | Killed a frost giant
  9671 | IceCv    | Killed a death yak
  9733 | IceCv    | Got a transparent granite ring
  9780 | IceCv    | Identified the ring "Budek" {rC- Int+3 SInv Stlth+} (You found it in an ice cave)
  9859 | Lair:1   | Reached XP level 12. HP: 93/97 MP: 12/12
 10124 | Lair:2   | Noticed a four-headed hydra
 10368 | Lair:2   | Found a staircase to the Snake Pit.
 10742 | Lair:2   | Reached skill level 10 in Fighting
 10768 | Lair:2   | Reached skill level 5 in Throwing
 10821 | Lair:2   | Reached skill level 11 in Axes
 10967 | Lair:2   | Killed a four-headed hydra
 11008 | Lair:2   | Noticed Harold
 11047 | Lair:2   | Killed Harold
 11442 | Lair:3   | Found a stormy altar of Qazlal.
 11519 | Lair:3   | Found a dark tunnel.
 11746 | Volcano  | Entered a volcano
 12152 | Volcano  | Slain by a salamander

Vault maps used:
D:1:      ncdulo_smallfort
D:2:      nemelex_xobeh_ov_fountains_minmay, chequers_ecumenical_altar_simple,
          yredelemnul_altar_generic
D:3:      cheibrodos_greedy_goblins
D:5:      overflow_temple_1_default, old_standard_altar, first_ration,
          elyvilon_altar_5
D:6:      dk_noncrumbling_3, uniq_blork_the_orc, uniq_edmund,
          uniq_crazy_yiuf_cottage
D:7:      minmay_cornered_nines, minmay_temple_entry_hall, serial_shops, shop,
          uniq_menkaure, uniq_pikel
D:8:      zin_statuary, tso_metal_star, lair_entry_dummy
Temple:   minmay_crystal_spiral_temple
Lair:1:   portal_ice_cave_rime, grunt_megastairs_3, infiniplex_staircase_pool_2
Lair:2:   guppyfry_snake_entry_island, lemuel_fruit_fields, uniq_harold
Lair:3:   basic_altar, nicolae_volcano_entry_vermiform
IceCv:    ice_cave_caverns_02
Volcano:  volcano_pools

Skill      XL: |  1  2  3  4  5  6  7  8  9 10 11 12 |
---------------+-------------------------------------+-----
Axes           | 2 3 4 5 7 9 10 11 | 11.3
Shields        | 3 4 5 6 7 |  7.8
Fighting       | 4 5 7 8 9 10 | 10.6
Dodging        | 1 2 3 |  3.2
Armour         | 3 4 5 6 |  6.0
Throwing       | 2 4 5 |  5.8
Stealth        | |  0.1

Action                   |  1- 3 |  4- 6 |  7- 9 | 10-12 || total
-------------------------+-------+-------+-------+-------++-------
Melee: War axe           |   181 |    51 |       |       ||   232
       Hand axe          |       |   223 |   638 |   220 ||  1081
       Broad axe         |       |       |       |   714 ||   714
Throw: Stone             |       |       |    13 |       ||    13
       Javelin           |       |       |       |     4 ||     4
       Tomahawk          |       |       |       |     1 ||     1
Invok: Call Merchant     |       |       |       |     1 ||     1
       Potion Petition   |       |       |       |     3 ||     3
Evoke: Wand              |       |       |       |     7 ||     7
  Use: Scroll            |       |    11 |     3 |    12 ||    26
 Stab: Distracted        |       |       |     1 |     4 ||     5
Armor: Scale mail        |   101 |   133 |   328 |   522 ||  1084
Dodge: Dodged            |    79 |    75 |   169 |   345 ||   668
Block: Shield            |   101 |   126 |   271 |   513 ||  1011

Table legend:
 A = Spawn XP
 B = Non-spawn XP
 C = Spawn XP percentage of total XP
 D = Spawn monster count
 E = Non-spawn monster count
 F = Spawn count percentage of total count
 G = Total turns spent on level
                    A         B        C        D         E        F      G
               +---------+---------+-------+---------+---------+-------+---------
         Total |       0 |   33008 |   0.0 |       0 |     334 |   0.0 | 12152
               +---------+---------+-------+---------+---------+-------+---------
           D:1 |       0 |      38 |   0.0 |       0 |      23 |   0.0 |   730
           D:2 |       0 |     118 |   0.0 |       0 |      30 |   0.0 |   928
           D:3 |       0 |     296 |   0.0 |       0 |      46 |   0.0 |  1066
           D:4 |       0 |     287 |   0.0 |       0 |       7 |   0.0 |   654
           D:5 |       0 |     501 |   0.0 |       0 |      15 |   0.0 |   807
           D:6 |       0 |    1478 |   0.0 |       0 |      29 |   0.0 |  1205
           D:7 |       0 |    2657 |   0.0 |       0 |      36 |   0.0 |  1166
           D:8 |       0 |    1701 |   0.0 |       0 |      48 |   0.0 |   978
        Lair:1 |       0 |    2301 |   0.0 |       0 |      12 |   0.0 |   541
        Lair:2 |       0 |    7465 |   0.0 |       0 |      28 |   0.0 |  1343
        Lair:3 |       0 |     764 |   0.0 |       0 |       2 |   0.0 |   304
         IceCv |       0 |   12721 |   0.0 |       0 |      54 |   0.0 |  1845
       Volcano |       0 |    2681 |   0.0 |       0 |       4 |   0.0 |   406
               +---------+---------+-------+---------+---------+-------+---------
